 Dungeon Crawl Stone Soup version 0.22.1-1-ga44c0e5 (webtiles) character file.

335 harcile the Skirmisher (level 6, 0/53 HPs)
             Began as a Hill Orc Fighter on Oct 9, 2018.
             Succumbed to an orc priest's poison
             ... on level 3 of the Dungeon.
             The game lasted 00:06:02 (3026 turns).

harcile the Skirmisher (Hill Orc Fighter)           Turns: 3026, Time: 00:06:03

Health: 0/53       AC:  9    Str: 19 (20) XL:     6   Next: 53%
Magic:  6/6        EV:  8    Int:  7 (8)  God:
Gold:   192        SH:  9    Dex:  9 (11) Spells: 5/5 levels left

rFire    . . .     SeeInvis .   a - +0 long sword
rCold    + . .     Gourm    .   c - +0 shield
rNeg     . . .     Faith    .   b - +0 scale mail
rPois    .         Spirit   .   (no helmet)
rElec    .         Reflect  .   s - +0 cloak
rCorr    .         Harm     .   w - +0 pair of gloves
MR       .....                  (no boots)
Stlth    ..........             (no amulet)
HPRegen  0.17/turn              u - ring of protection from cold
MPRegen  0.10/turn              (no ring)

@: lethally poisoned (0 -> -8)
A: no striking features
a: no special abilities


You were on level 3 of the Dungeon.
You were not hungry.

You visited 1 branch of the dungeon, and saw 4 of its levels.

You collected 192 gold pieces.

Inventory:

Hand Weapons
 a - a +0 long sword (weapon)
 e - a +2 short sword of draining
Armour
 b - a +0 scale mail (worn)
 c - a +0 shield (worn)
 q - a cursed -1 ring mail
 s - a +0 cloak (worn)
 w - a +0 pair of gloves (worn)
Jewellery
 u - a ring of protection from cold (left hand)
Wands
 k - a wand of flame (29)
Scrolls
 g - a scroll of fog {unknown}
 h - 3 scrolls of identify {unknown}
 i - a scroll of random uselessness {unknown}
 j - 3 scrolls of remove curse {unknown}
 m - a scroll of blinking {unknown}
 o - a scroll of noise {unknown}
 p - a scroll of enchant weapon {unknown}
 r - a scroll of magic mapping {unknown}
 t - a scroll of immolation {unknown}
Potions
 d - a potion of might
 l - a potion of degeneration
 n - 2 potions of curing {unknown}
 v - 2 potions of resistance {unknown}
 x - a potion of flight {unknown}
Comestibles
 f - 9 rations


   Skills:
 + Level 4.6 Fighting
 + Level 4.6 Long Blades
 + Level 4.6 Armour
 + Level 1.0 Dodging
 + Level 4.5 Shields


You had 5 spell levels left.
You didn't know any spells.
Your spell library was empty.

Dungeon Overview and Level Annotations

Branches:
Dungeon (4/15)
 Temple: D:4-7

Altars:
Ashenzari
Gozag
Uskayaw
Yredelemnul


Message History

You feel sick.
The orc priest mumbles some strange prayers to Beogh against you.
Beogh smites you!
* * * LOW HITPOINT WARNING * * *
You hit the orc priest.
The orc priest is severely wounded.
* * * LOW HITPOINT WARNING * * *
You feel sick. You block the orc priest's attack.
You slash the orc priest!
You kill the orc priest!
* * * LOW HITPOINT WARNING * * *
You feel sick.
* * * LOW HITPOINT WARNING * * *
You feel sick.
Things that are here:
a hand axe of venom; an orc corpse It was a potion of degeneration.
There was something very wrong with that liquid.
You feel weakened.
You feel dopey.
You feel clumsy.
You die...

.y#...#k§♣# #.#
..#...#♣§§# #.#
###...#♣≈.# #.#
sy#...#≈≈§# #.#
#s#._.#§§P# #.#
#s#...#♣♣§# #.#
..#...#t§♣# #.#
..#...#§§§######)###
.##...#§§§#.....@>)#
.##...#.≈§########.#
..#...#♣§§### #)#
..#...#♣§≈#.# #.#
###...#####.# #.#
#.....# #.#.# ##.##
###.### #.#.# #...##
#..#####.#.# #....#
#.###....#.# #....#


There were no monsters in sight!

Vanquished Creatures
  3 orc priests (D:3)
  A hound (D:4)
  An orc wizard (D:3)
  Jessica (D:2)
  Ijyb (D:3)
  2 worker ants (D:3)
  An adder (D:2)
  A worm (D:3)
  2 dart slugs
  2 leopard geckos
  8 orcs
  A bat (D:2)
  3 giant cockroaches (D:3)
  7 goblins
  8 hobgoblins
  8 jackals
  6 frilled lizards
  5 kobolds
  6 rats
67 creatures vanquished.

Vanquished Creatures (others)
  A plant (D:3)
1 creature vanquished.

Grand Total: 68 creatures vanquished

Notes
Turn   | Place    | Note
-------+----------+-------------------------------------------
     0 | D:1      | harcile the Hill Orc Fighter began the quest for the Orb.
     0 | D:1      | Reached XP level 1. HP: 19/19 MP: 1/1
   142 | D:1      | Reached XP level 2. HP: 13/27 MP: 2/2
   708 | D:2      | Reached XP level 3. HP: 17/33 MP: 3/3
  1416 | D:2      | Noticed Jessica
  1424 | D:2      | Killed Jessica
  1424 | D:2      | Reached XP level 4. HP: 36/40 MP: 4/4
  1568 | D:2      | Found a faded altar of an unknown god.
  1732 | D:3      | Noticed Ijyb
  1757 | D:3      | Killed Ijyb
  1757 | D:3      | Reached XP level 5. HP: 22/47 MP: 5/5
  1893 | D:3      | Found an opulent altar of Gozag.
  1899 | D:3      | Found a hide-covered altar of Uskayaw.
  2068 | D:3      | Found a basalt altar of Yredelemnul.
  2118 | D:3      | Found a shattered altar of Ashenzari.
  2122 | D:3      | Saw a vision of the Swamp and the Spider Nest.
  2122 | D:3      | Noticed a redback
  2122 | D:3      | Noticed a redback
  2122 | D:3      | Noticed a swamp drake
  2122 | D:3      | Noticed a hornet
  2122 | D:3      | Noticed a redback
  2122 | D:3      | Noticed an alligator
  2122 | D:3      | Noticed a redback
  2122 | D:3      | Noticed a redback
  2123 | D:3      | Noticed an alligator
  2123 | D:3      | Noticed a hornet
  2125 | D:3      | Noticed a wolf spider
  2125 | D:3      | Noticed a redback
  2655 | D:3      | Reached XP level 6. HP: 48/53 MP: 6/6
  2804 | D:3      | Reached skill level 1 in Dodging
  3011 | D:4      | Noticed a phantom
  3023 | D:3      | HP: 2/53 [poisoned by an orc priest]
  3026 | D:3      | Succumbed to an orc priest's poison

Skill      XL: |  1  2  3  4  5  6 |
---------------+-------------------+-----
Fighting       | 4 |  4.6
Long Blades    | 3 4 |  4.6
Armour         | 4 |  4.6
Shields        | 4 |  4.5
Dodging        | 1 |  1.0

Action                   |  1- 3 |  4- 6 || total
-------------------------+-------+-------++-------
Melee: Long sword        |   103 |   170 ||   273
  Use: Potion            |       |     1 ||     1
  Eat: Chunk             |     2 |     5 ||     7
Armor: Scale mail        |    40 |    68 ||   108
Dodge: Dodged            |    18 |    53 ||    71
Block: Shield            |    47 |    96 ||   143
       Rpst.: Long sword |     5 |    21 ||    26
